 Dungeon Crawl Stone Soup version 0.18-a0-1718-g40ea4b6 (webtiles) character file.

481 Geeful the Insei (level 7, -1/46 HPs)
             Began as an Octopode Transmuter on Apr 7, 2016.
             Was an Initiate of Nemelex Xobeh.
             Killed from afar by edsrzf's ghost (4 damage)
             ... with a magic dart
             ... on level 4 of the Dungeon.
             The game lasted 00:19:55 (5363 turns).

Geeful the Insei (Octopode Transmuter)              Turns: 5363, Time: 00:19:55

Health: -1/46      AC:  1    Str: 10    XL:     7   Next: 12%
Magic:  12/12      EV:  9    Int: 15    God:    Nemelex Xobeh [......]
Gold:   181        SH:  2    Dex: 14    Spells: 3 memorised, 6 levels left

rFire  + . .     SeeInvis .       - Unarmed
rCold  . . .     Gourm    .     (no shield)
rNeg   . . .     Faith    .     (helmet restricted)
rPois  .         Spirit   .     l - +2 amulet of reflection
rElec  .         Dismiss  .     e - ring of protection from magic
rCorr  .         Reflect  +     k - ring of protection from fire
SustAt .         Harm     .     B - ring of wizardry
MR     +....                    (no ring)
Stlth  ++........               (no ring)
                                (no ring)
                                (no ring)
                                (no ring)

@: somewhat resistant to hostile enchantments, unstealthy
A: almost no armour, amphibious, 8 rings, constrict 8, camouflage 1, gelatinous
body 1
a: Renounce Religion


You were on level 4 of the Dungeon.
You worshipped Nemelex Xobeh.
Nemelex Xobeh was noncommittal.
You were hungry.

You visited 1 branch of the dungeon, and saw 4 of its levels.
You also visited: Sewer.

You collected 181 gold pieces.

Inventory:

Missiles
 a - 35 arrows
 p - 19 poisoned needles
 z - 10 arrows of frost
Jewellery
 e - a ring of protection from magic (left tentacle)
 k - a ring of protection from fire (right tentacle)
 l - a +2 amulet of reflection (around mantle)
 B - a ring of wizardry (on tentacle)
Wands
 m - a wand of disintegration (7/24)
 v - a wand of random effects (24/48)
Scrolls
 d - 2 scrolls of fog
 f - a scroll of fear
 h - a scroll of enchant weapon
 r - a scroll of random uselessness {unknown}
 s - 3 scrolls of magic mapping
 y - a scroll of teleportation
Potions
 i - a potion of agility
 j - 2 potions of might {unknown}
 o - a potion of haste {unknown}
 q - a potion of brilliance {unknown}
 t - 5 potions of flight {unknown}
 u - a potion of heal wounds
 w - a potion of magic {unknown}
Books
 b - a book of Changes

   Spells                             Type                      Level
   a - Beastly Appendage              Transmutation                1
   b - Sticks to Snakes               Transmutation                2
   c - Spider Form                    Transmutation/Poison         3
   d - Ice Form                       Ice/Transmutation            4
   e - Blade Hands                    Transmutation                5
Miscellaneous
 x - a plain deck of destruction
Comestibles
 c - a bread ration
 g - 2 meat rations
 n - a chunk of flesh
 A - 2 fruits


   Skills:
 + Level 3.3 Fighting
 + Level 4.0 Dodging
 + Level 4.3 Unarmed Combat
 + Level 3.3 Spellcasting
 + Level 3.4 Transmutations
 + Level 0.2 Evocations


You had 6 spell levels left.
You knew the following spells:

 Your Spells              Type           Power        Failure   Level  Hunger
a - Beastly Appendage     Trmt           ##....       2%          1    None
b - Sticks to Snakes      Trmt           ##......     4%          2    ##.....
c - Spider Form           Trmt/Pois      #.........   12%         3    ###....


Dungeon Overview and Level Annotations

Branches:
Dungeon (4/15)
 Temple: D:4-7

Altars:
Fedhas
Nemelex Xobeh
Zin
The Shining One

Annotations:
D:4 edsrzf's ghost, amateur SpCj


Innate Abilities, Weirdness & Mutations

You cannot wear most types of armour.
You are amphibious.
You can wear up to eight rings at the same time.
You can use your tentacles to constrict eight enemies at once.
Your skin changes colour to match your surroundings (Stealth).
Your rubbery body absorbs attacks (AC +1).


Message History

The magic dart hits you!
Edsrzf's ghost whispers, "There is no future for you."
Edsrzf's ghost points at you and mumbles some strange words.
The magic dart hits you!
You see here a viscous pink potion.
t - 5 viscous pink potions (gained 1) Edsrzf's ghost gestures at you while chanting.
The magic dart hits you!
Edsrzf's ghost gestures at you while chanting.
The magic dart hits you!
* * * LOW HITPOINT WARNING * * *
You are feeling hungry.
Edsrzf's ghost casts a spell at you. The magic dart hits you!
* * * LOW HITPOINT WARNING * * *
There is a stone staircase leading up, spattered with blood here.
Edsrzf's ghost points at you and mumbles some strange words.
The magic dart hits you!
You die...
Your body disappears without a glow.

#. #.##..###.
##.##.........
#######^...........
#..<.............##
#.................#
#.................#
#.............##..#####
#...........@.##......###
#......W................#
####..............##.##.##
###..$....#..>.......##
#.......#...........###
#...#.##.........##...#
#...#..#.#.########.#.)
#...##.._...# #.##. #...
#.#.##.# #.##.


You could see edsrzf's ghost.

Vanquished Creatures
  Sigmund (D:3)
  Purgy (Sewer)
  The ghost of Snazznasty the Ruffian, a weakling TrMo (D:3)
  Crazy Yiuf (D:3)
  An orc priest (D:3)
  3 adders (D:2)
  An adder skeleton (D:4)
  A worm (D:4)
  4 dart slugs
  5 giant geckos
  2 orcs (D:3)
  6 ball pythons
  9 giant cockroaches
  11 goblins
  5 hobgoblins
  6 jackals
  11 kobolds
  2 quokkas
  6 bats
  4 giant newts
  8 rats
89 creatures vanquished.

Notes
Turn   | Place    | Note
--------------------------------------------------------------
     0 | D:1      | Geeful the Octopode Transmuter began the quest for the Orb.
     0 | D:1      | Reached XP level 1. HP: 13/13 MP: 3/3
   318 | D:1      | Reached XP level 2. HP: 12/18 MP: 5/5
  1034 | D:1      | Reached XP level 3. HP: 22/23 MP: 6/6
  1142 | D:1      | Learned a level 2 spell: Sticks to Snakes
  1146 | D:1      | Learned a level 3 spell: Spider Form
  1380 | D:2      | Found a faded altar to an unknown god.
  2071 | D:2      | Reached XP level 4. HP: 24/29 MP: 7/7
  2464 | D:3      | Noticed Snazznasty's ghost (weakling TrMo)
  2478 | D:3      | Found a glowing drain.
  2500 | Sewer    | Entered a sewer
  2515 | Sewer    | Reached XP level 5. HP: 25/34 MP: 8/8
  2726 | Sewer    | Noticed Purgy
  3019 | Sewer    | HP: 1/35 [Purgy (2)]
  3025 | Sewer    | Killed Purgy
  3634 | D:3      | Noticed Sigmund
  4059 | D:2      | Reached XP level 6. HP: 41/41 MP: 10/10
  4141 | D:3      | Killed Sigmund
  4445 | D:3      | Found a sparkling altar of Nemelex Xobeh.
  4453 | D:3      | Found a blossoming altar of Fedhas.
  4476 | D:3      | Became a worshipper of Nemelex Xobeh the Trickster
  4511 | D:3      | Noticed Crazy Yiuf
  4519 | D:3      | Killed Crazy Yiuf
  4600 | D:3      | Found a glowing golden altar of the Shining One.
  4603 | D:3      | Received a gift from Nemelex Xobeh
  4786 | D:4      | Found a glowing silver altar of Zin.
  4786 | D:4      | Noticed edsrzf's ghost (amateur SpCj)
  5011 | D:3      | Killed Snazznasty's ghost
  5011 | D:3      | Reached XP level 7. HP: 36/46 MP: 10/12
  5363 | D:4      | Killed from afar by edsrzf's ghost

Vault maps used:
D:1:      minmay_arrival_hallway, kennysheep_doodads
D:2:      first_bread, ecumenical_altar_1, hangedman_decor_diamond_cutter
D:3:      lemuel_doored_altar, minitemple, gup_sewer_entry_pipe,
          uniq_crazy_yiuf_cottage, uniq_sigmund
D:4:      lemuel_crystal_altar, kennysheep_generic_room_10
Sewer:    sewer_co_purgy_island

Skill      XL: |  1  2  3  4  5  6  7 |
---------------+----------------------+-----
Fighting       | 2 3 |  3.3
Dodging        | 3 4 |  4.0
Transmutations | 3 |  3.4
Unarmed Combat | 4 |  4.3
Spellcasting   | 3 |  3.3
Evocations     | |  0.2

Action                   |  1- 3 |  4- 6 |  7- 9 || total
-------------------------+-------+-------+-------++-------
Melee: Unarmed           |    88 |   136 |    10 ||   234
 Cast: Beastly Appendage |     2 |     5 |       ||     7
       Sticks to Snakes  |       |     6 |       ||     6
       Spider Form       |       |     3 |       ||     3
Evoke: Wand              |       |     4 |       ||     4
  Use: Scroll            |     4 |     5 |       ||     9
       Potion            |       |     2 |       ||     2
 Stab: Sleeping          |     6 |       |     2 ||     8
       Confused          |       |     2 |       ||     2
       Distracted        |       |       |     2 ||     2
  Eat: Chunk             |     3 |     6 |     1 ||    10
       Bread ration      |       |     1 |       ||     1
